 Dungeon Crawl Stone Soup version 0.17-a0-18-gc25b939 (webtiles) character file.

41629 MackTheKnife the Grappler (level 13, -5/133 HPs)
             Began as a Troll Wanderer on Mar 9, 2015.
             Was the Champion of Makhleb.
             Slain by a wolf spider (14 damage)
             ... on level 8 of the Lair of Beasts.
             The game lasted 00:39:32 (14493 turns).

MackTheKnife the Grappler (Troll Wanderer)         Turns: 14493, Time: 00:39:32

Health: -5/133     AC: 24    Str: 22    XL:     13   Next: 81%
Magic:  21/21      EV: 11    Int:  8    God:    Makhleb [******]
Gold:   1093       SH:  0    Dex: 14    Spells: 0 memorised, 12 levels left

rFire  . . .     SeeInvis .       - Unarmed
rCold  . . .     Clarity  .     b - +2 pearl dragon armour
rNeg   + . .     SustAb   .     (shield restricted)
rPois  +         Gourm    +     (helmet restricted)
rElec  .         Spirit   .     t - +0 cloak (curse)
rCorr  +         Warding  .     (gloves unavailable)
rMut   .         Stasis   .     (boots unavailable)
MR     .....                    p - amulet of resist corrosion
Stlth  ..........               y - ring of poison resistance
                                E - +5 ring of protection

@: lethally poisoned (-5 -> -9), not resistant to hostile enchantments,
extremely unstealthy
A: unfitting armour, claws 3, blink 1, fast metabolism 3, gourmand, regeneration
2, shaggy fur 1, tough skin 2, no device heal 1
a: Blink, Minor Destruction, Lesser Servant of Makhleb, Major Destruction,
Greater Servant of Makhleb, Renounce Religion


You were on level 8 of the Lair of Beasts.
You worshipped Makhleb.
Makhleb was exalted by your worship.
You were very full.

You visited 3 branches of the dungeon, and saw 18 of its levels.

You collected 1093 gold pieces.


Innate Abilities, Weirdness & Mutations

You are too large for most types of armour.
You have claws for hands.
Your metabolism is lightning-fast.
You like to eat raw meat.
You heal very quickly.
You are covered in fur (AC +1).
You have very tough skin (AC +2).
You can translocate small distances at will.
Potions and wands are less effective at restoring your health.


   Skills:
 - Level 10.0 Fighting
   Level 2.0 Crossbows
 - Level 7.0 Armour
 - Level 7.0 Dodging
 - Level 1.0 Stealth
 - Level 12.0 Unarmed Combat
 - Level 8.0 Invocations
 + Level 8.7 Evocations


You had 12 spell levels left.
You didn't know any spells.

Inventory:

Missiles
 h - 33 stones (quivered)
 w - a throwing net
Armour
 b - a +2 pearl dragon armour (worn)
 t - a cursed +0 cloak (worn)
Rods
 c - a +4 rod of clouds (13/13) {!a}
   (You found it on level 3 of the Lair of Beasts)
Jewellery
 p - an amulet of resist corrosion (around neck)
 r - a +3 ring of dexterity
 y - a ring of poison resistance (right claw)
 E - a +5 ring of protection (left claw)
 H - an uncursed ring of protection from fire
 J - an uncursed amulet of rage
Magical devices
 o - a wand of fire (0)
 u - a wand of cold (5)
 x - a wand of cold (0)
 B - a wand of enslavement (21)
 D - a wand of fireball (2)
Scrolls
 e - 3 scrolls of recharging
 q - 2 scrolls of magic mapping
 s - 3 scrolls of summoning
 v - a scroll of blinking
 A - 10 scrolls of teleportation
 G - 7 scrolls of remove curse
 I - a scroll of fog
 K - 2 scrolls of identify
Potions
 d - a potion of heal wounds
 g - 3 potions of might
 j - a potion of berserk rage
 k - 6 potions of curing
 m - 2 potions of lignification {!q}
 n - 4 potions of agility
 z - 3 potions of cancellation
 C - a potion of magic
Miscellaneous
 a - a lamp of fire
Comestibles
 f - 11 meat rations
 i - 3 beef jerkies
 l - 15 bread rations
 F - 20 fruits

..###...## #..##...###.P.......
.P..###..########..###...........
.P....#####....#####....P........
........##..P...# ..............
........##..PP..## ..............
.P....#####...†..###.............
.P..###†.###P.#y..(###...........
..###....†.#.F#s##}..#P#.........
###.=..##..#..#.T##....###.......
#.....##..##..##..##.....#.......
.....##...#y...#.†.##..†.P.......
P...##..†##....##†..##.†.........
.P.##....#....s #....##..P.......
..##....##.£[[£.##..†.##P........
..##....# ?£) #....##.........
...PPPP.## ##.PP............
.........########P.P.............


You could see a wolf spider and a hornet.


Message History

The wolf spider poisons you!
You scratch the wolf spider. You claw the wolf spider.
The wolf spider is almost dead.
You feel sick. The wolf spider hits you.
* * * LOW HITPOINT WARNING * * *
The wolf spider bites you.
* * * LOW HITPOINT WARNING * * *
You closely miss the wolf spider.
The wolf spider is almost dead.
You feel sick. The wolf spider hits you.
* * * LOW HITPOINT WARNING * * *
The wolf spider bites you but does no damage.
The wolf spider hits you.
* * * LOW HITPOINT WARNING * * *
The wolf spider barely misses you.
You completely miss the wolf spider.
The wolf spider is almost dead.
You feel sick. The wolf spider hits you!
* * * LOW HITPOINT WARNING * * *
The wolf spider bites you but does no damage.
You claw the wolf spider!
The wolf spider is almost dead.
You feel sick. The wolf spider hits you!
* * * LOW HITPOINT WARNING * * *
The wolf spider bites you.
* * * LOW HITPOINT WARNING * * *
You closely miss the wolf spider.
The wolf spider is almost dead.
You feel sick. The wolf spider hits you!
You die...

Action                   |  1- 3 |  4- 6 |  7- 9 | 10-12 | 13-15 || total
-------------------------+-------+-------+-------+-------+-------++-------
Melee: Unarmed           |   110 |   253 |   313 |   952 |   393 ||  2021
 Fire: Hand crossbow     |       |     3 |     2 |       |       ||     5
Throw: Stone             |       |     3 |       |       |       ||     3
Invok: Greater Servant o |       |       |       |     1 |     1 ||     2
Evoke: Wand              |       |       |     2 |    11 |     6 ||    19
       Rod               |       |       |       |       |     5 ||     5
  Use: Scroll            |     5 |     3 |     7 |     6 |     1 ||    22
       Potion            |       |       |     8 |     6 |     1 ||    15
 Stab: Sleeping          |     2 |     2 |     4 |       |       ||     8
       Paralysed         |       |       |       |       |     7 ||     7
       Confused          |       |       |       |       |     1 ||     1
  Eat: Chunk             |    11 |    19 |    33 |    55 |    15 ||   133
       Meat ration       |       |       |       |     2 |       ||     2

Vault maps used:
D:1:      dpeg_arrival_stone_temple_mockup, minivault_14, xom_teletrap_fun
D:2:      cheibriados_altar_1, first_bread, corexii_leaking_fountain,
          uniq_terence
D:3:      hangedman_ru_absence
D:4:      minmay_misc_feat_tiny
D:5:      gammafunk_temple_overflow_statue, temple_green
D:6:      zin_scriptorium, nicolae_overflow_hidden_temple, uniq_iyjb
D:7:      minmay_opposing_rooms
D:8:      kennysheep_town, serial_shops
D:9:      old_standard_altar, nicolae_overflow_crystal_walls,
          hangedman_tree_tricks, elyvilon_altar_4
Temple:   minmay_crystal_spiral_temple_12
Lair:1:   grunt_megastairs_3
Lair:3:   wad_woods_structure_01, patterned_corridor
Lair:4:   minmay_stone_trees_medium
Lair:5:   minmay_shoals_entry_beasts, uniq_rupert
Lair:6:   minmay_snake_entry_guardpost_medium, uniq_maud, uniq_nergalle
Lair:8:   hangedman_lair_tendril_chambers, nicolae_slime_entry_slimehenge

Notes
Turn   | Place    | Note
--------------------------------------------------------------
     0 | D:1      | MackTheKnife, the Troll Wanderer, began the quest for the Orb.
     0 | D:1      | MackTheKnife set off with: a +2 hand crossbow, a scroll of teleportation, a potion of lignification {!q}, a +0 robe, 26 bolts, 2 meat rations
     0 | D:1      | Reached XP level 1. HP: 19/19 MP: 1/1
   227 | D:1      | Reached XP level 2. HP: 27/27 MP: 1/1
   493 | D:1      | Found a shimmering altar of Xom.
   517 | D:1      | Reached skill level 3 in Unarmed Combat
   740 | D:2      | Reached XP level 3. HP: 28/33 MP: 2/2
   802 | D:2      | Noticed Terence
   819 | D:2      | Killed Terence
   819 | D:2      | Reached skill level 4 in Unarmed Combat
  1007 | D:2      | HP: 3/33 [cloud of flame (14)]
  1273 | D:2      | Reached XP level 4. HP: 27/41 MP: 2/2
  1397 | D:2      | Found a snail-covered altar of Cheibriados.
  1480 | D:3      | Noticed timbw's ghost (weakling HESk)
  1615 | D:3      | Noticed an ogre
  1730 | D:3      | Killed timbw's ghost
  1887 | D:3      | Reached skill level 5 in Unarmed Combat
  2056 | D:3      | Reached XP level 5. HP: 48/48 MP: 2/2
  2112 | D:3      | Killed an ogre
  2112 | D:3      | Reached skill level 6 in Unarmed Combat
  2164 | D:3      | Found a sacrificial altar of Ru.
  2485 | D:4      | Reached XP level 6. HP: 48/55 MP: 4/4
  3066 | D:5      | Entered Level 5 of the Dungeon
  3136 | D:5      | Reached skill level 7 in Unarmed Combat
  3323 | D:5      | Found a staircase to the Ecumenical Temple.
  3353 | Temple   | Entered the Ecumenical Temple
  3440 | Temple   | Became a worshipper of Makhleb the Destroyer
  3555 | D:5      | Reached XP level 7. HP: 56/62 MP: 4/4
  3620 | D:5      | Reached skill level 8 in Unarmed Combat
  3775 | D:5      | Found a sparkling altar of Nemelex Xobeh.
  3776 | D:5      | Found a sacrificial altar of Ru.
  4004 | D:5      | Acquired Makhleb's first power
  4004 | D:5      | Reached skill level 9 in Unarmed Combat
  4309 | D:6      | Reached XP level 8. HP: 62/70 MP: 4/4
  4381 | D:6      | Found an opulent altar of Gozag.
  4397 | D:6      | Noticed Ijyb
  4401 | D:6      | Killed Ijyb
  4401 | D:6      | Reached skill level 10 in Unarmed Combat
  4515 | D:6      | Found a glowing silver altar of Zin.
  4671 | D:6      | Reached skill level 2 in Fighting
  4919 | D:6      | Reached skill level 2 in Dodging
  4923 | D:6      | Acquired Makhleb's second power
  4927 | D:6      | Reached skill level 3 in Fighting
  5201 | D:7      | Reached skill level 3 in Dodging
  5305 | D:7      | Reached skill level 4 in Fighting
  5426 | D:7      | Reached XP level 9. HP: 76/84 MP: 5/5
  5449 | D:7      | Reached skill level 4 in Dodging
  5690 | D:7      | Reached skill level 5 in Fighting
  5699 | D:7      | Reached skill level 5 in Dodging
  5785 | D:7      | Acquired Makhleb's third power
  5925 | D:7      | Gained mutation: Potions and wands are less effective at restoring your health. [potion of mutation]
  5925 | D:7      | Gained mutation: Your body is slowly deteriorating. [potion of mutation]
  5925 | D:7      | Gained mutation: You can breathe flames. [potion of mutation]
  5926 | D:7      | Gained mutation: You have sharp toenails. [potion of mutation]
  5926 | D:7      | Gained mutation: You have supernaturally acute eyesight. [potion of mutation]
  5926 | D:7      | Gained mutation: You can translocate small distances at will. [potion of mutation]
  6243 | D:7      | Lost mutation: Your body is slowly deteriorating. [potion of cure mutation]
  6243 | D:7      | Lost mutation: You can breathe flames. [potion of cure mutation]
  6243 | D:7      | Lost mutation: You have sharp toenails. [potion of cure mutation]
  6243 | D:7      | Lost mutation: You have supernaturally acute eyesight. [potion of cure mutation]
  6686 | D:8      | Reached skill level 6 in Fighting
  6723 | D:8      | Reached skill level 6 in Dodging
  6774 | D:8      | Found a staircase to the Lair.
  6890 | D:8      | Reached XP level 10. HP: 94/100 MP: 5/5
  7108 | D:8      | Reached skill level 7 in Fighting
  7122 | D:8      | Acquired Makhleb's fourth power
  7300 | D:8      | Reached skill level 7 in Dodging
  7375 | D:8      | Reached skill level 1 in Armour
  7389 | D:8      | Noticed a manticore
  7399 | D:8      | Killed a manticore
  7399 | D:8      | Reached skill level 2 in Armour
  7405 | D:8      | Reached skill level 3 in Armour
  7640 | D:8      | Reached skill level 4 in Armour
  7927 | D:8      | Found a burning altar of Makhleb.
  7938 | D:8      | Reached skill level 5 in Armour
  8303 | D:8      | Acquired Makhleb's fifth power
  8367 | D:9      | Found a deep blue altar of Sif Muna.
  8404 | D:9      | Reached XP level 11. HP: 102/109 MP: 5/5
  8499 | D:9      | Found a blossoming altar of Fedhas.
  8640 | D:9      | Found a blossoming altar of Fedhas.
  8919 | D:9      | Found a white marble altar of Elyvilon.
  9144 | D:10     | Entered Level 10 of the Dungeon
  9156 | D:10     | Reached skill level 11 in Unarmed Combat
  9485 | D:10     | Noticed a hill giant
  9491 | D:10     | Killed a hill giant
  9934 | Lair:1   | Entered Level 1 of the Lair of Beasts
 10075 | Lair:1   | Reached skill level 12 in Unarmed Combat
 10110 | Lair:1   | Reached skill level 1 in Invocations
 10137 | Lair:1   | Reached skill level 2 in Invocations
 10174 | Lair:1   | Reached skill level 3 in Invocations
 10530 | Lair:1   | Reached skill level 4 in Invocations
 10679 | Lair:2   | Reached skill level 5 in Invocations
 10873 | Lair:2   | Reached skill level 6 in Invocations
 11236 | Lair:3   | Noticed a six-headed hydra
 11240 | Lair:3   | Killed a six-headed hydra
 11240 | Lair:3   | Reached XP level 12. HP: 118/118 MP: 16/18
 11268 | Lair:3   | Noticed a four-headed hydra
 11275 | Lair:3   | Killed a five-headed hydra
 11275 | Lair:3   | Reached skill level 7 in Invocations
 11422 | Lair:3   | Reached skill level 8 in Invocations
 11436 | Lair:3   | Identified a +4 rod of clouds (13/13) (You found it on level 3 of the Lair of Beasts)
 11525 | Lair:3   | Reached skill level 6 in Armour
 11850 | Lair:3   | Reached skill level 8 in Fighting
 11885 | Lair:3   | Noticed a six-headed hydra
 12344 | Lair:4   | Reached skill level 7 in Armour
 12691 | Lair:4   | Reached skill level 9 in Fighting
 12732 | Lair:4   | Noticed a seven-headed hydra
 12900 | Lair:5   | Noticed Rupert
 12907 | Lair:5   | Noticed an Executioner
 13181 | Lair:5   | Found a staircase to the Shoals.
 13199 | Lair:5   | Reached skill level 10 in Fighting
 13301 | Lair:5   | Noticed a four-headed hydra
 13334 | Lair:6   | Reached XP level 13. HP: 133/133 MP: 21/21
 13391 | Lair:6   | Noticed Maud
 13405 | Lair:6   | Killed Maud
 13405 | Lair:6   | Reached skill level 2 in Evocations
 13436 | Lair:6   | Noticed Nergalle
 13452 | Lair:6   | Killed Nergalle
 13457 | Lair:6   | Reached skill level 3 in Evocations
 13509 | Lair:6   | Found a staircase to the Snake Pit.
 13553 | Lair:6   | You fall through a shaft for 2 floors!
 13553 | Lair:8   | Entered Level 8 of the Lair of Beasts
 13575 | Lair:8   | Reached skill level 4 in Evocations
 13791 | Lair:8   | Reached skill level 5 in Evocations
 13976 | Lair:8   | Found a staircase to the Slime Pits.
 14019 | Lair:8   | Reached skill level 6 in Evocations
 14130 | Lair:8   | Reached skill level 7 in Evocations
 14381 | Lair:8   | Reached skill level 8 in Evocations
 14492 | Lair:8   | HP: 9/133 [wolf spider (5)]
 14493 | Lair:8   | Slain by a wolf spider

Vanquished Creatures
  4 hydras
  4 death yaks (Lair:8)
  Nergalle (Lair:6)
  A hill giant (D:10)
  A hornet (Lair:8)
  A griffon (Lair:5)
  2 manticores
  A guardian serpent (Lair:8)
  6 black mambas
  11 elephants
  10 spiny frogs
  3 komodo dragons
  A merfolk (D:8)
  A polar bear (Lair:3)
  2 fire drakes
  2 two-headed ogres (D:8)
  5 basilisks
  A blink frog (Lair:5)
  A redback (Lair:8)
  4 wyverns
  34 yaks
  5 hippogriffs
  A deep elf mage (D:10)
  A hungry ghost (D:10)
  A hog (D:8)
  14 wolves
  15 water moccasins
  4 spiders (Lair:8)
  12 porcupines
  4 orc warriors
  2 ice beasts
  5 nagas (Lair:6)
  3 wasps
  7 black bears
  3 sky beasts
  4 ogres
  A phantom (D:7)
  2 boring beetles (Lair:8)
  3 big kobolds
  11 crocodiles
  5 centaurs
  4 wandering mushrooms (D:9)
  3 gnoll sergeants (D:8)
  18 giant frogs
  2 scorpions
  3 wights (D:9)
  5 killer bees (D:7)
  5 electric eels (D:8)
  2 oklob saplings (D:9)
  4 goliath beetles
  3 jellies
  2 centaur skeletons
  2 gnoll shamans (D:8)
  3 crimson imps
  4 hounds
  13 orc wizards
  A giant frog skeleton (D:5)
  11 orc priests
  15 iguanas
  12 worker ants
  5 sheep (D:8)
  Ijyb (D:6)
  A killer bee zombie (D:6)
  Terence (D:2)
  A mummy (D:7)
  24 adders
  7 gnolls
  25 river rats
  3 shadow imps
  2 giant mites
  2 adder skeletons
  An electric eel skeleton (D:8)
  The ghost of timbw the Charmwright, a weakling HESk (D:3)
  5 giant geckos
  3 oozes (Lair:8)
  32 orcs
  2 bat skeletons (D:4)
  4 giant cockroaches
  14 goblins
  17 hobgoblins
  10 jackals
  15 kobolds
  21 quokkas
  17 bats
  A giant gecko skeleton (D:4)
  A giant gecko zombie (D:5)
  4 giant newts
  7 rats
  A plant (D:8)
539 creatures vanquished.

Vanquished Creatures (collateral kills)
  Maud (Lair:6)
1 creature vanquished.

Vanquished Creatures (others)
  A fungus (Lair:5)
1 creature vanquished.

Grand Total: 541 creatures vanquished
